Map: Kairos Junction LE

Players

Neeb

  • Race: Protoss Protoss
  • League: Master
  • Spawn Location: 11:00

TIME (Oliveira) - Winner!

  • Race: Terran Terran
  • Spawn Location: 5:00

Event: 2019 WCS Winter Americas

VOD

Have the link to the VOD?

Description

Time

  • Played on: March 23, 2019, 3:13 p.m.
  • Length: 8:20

All games in this series

Show
View Real Time Build Order
Export as new Build Order

Neeb Protoss 

Build Orders: 1 Gate Expand, Phoenix Opening, Colossus Rush 

Get SALT Encoding   

  12  0:00  Probe  
  13  0:12  Probe  
  14  0:17  Pylon  
  14  0:24  Probe  
  15  0:33  Probe  
  15  0:37  Gateway  
  15  0:41  Probe  
  16  0:44  Assimilator  
  17  0:51  Probe  
  18  1:03  Probe  
  19  1:15  Probe  
  20  1:24  Cybernetics Core  
  20  1:32  Nexus  
  20  1:37  Probe  
  21  1:41  Pylon  
  21  1:49  Probe  
  21  1:50  Adept  
  21  1:51  Assimilator  
  24  2:01  Probe  
  25  2:10  Adept  
  25  2:13  Probe  
  28  2:25  Probe  
  28  2:37  Probe  
  28  2:38  Stargate  
  31  2:45  Probe  
  31  2:49  Probe  
  33  2:57  Probe  
  32  3:00  Adept, Pylon  
  32  3:02  Probe  
  32  3:03  Warp Gate  
  35  3:10  Probe  
  36  3:13  Phoenix  
  36  3:14  Probe  
  37  3:22  Probe  
  37  3:26  Probe  
  41  3:29  Pylon  
  41  3:35  Phoenix  
  41  3:37  Probe  
  44  3:42  Probe  
  44  3:49  Probe  
  44  3:54  Probe  
  46  3:56  Phoenix, Assimilator, Robotics Facility  
  46  3:58  Assimilator  
  46  4:01  Probe  
  46  4:02  Pylon  
  47  4:06  Probe  
  48  4:13  Probe  
  49  4:18  Probe  
  49  4:19  Phoenix, Gateway  
  49  4:20  Gateway  
  52  4:25  Probe  
  52  4:30  Probe  
  54  4:31  Shield Battery  
  54  4:36  Phoenix  
  54  4:37  Probe  
  55  4:42  Probe  
  55  4:45  Observer  
  59  4:49  Probe  
  60  4:57  Robotics Bay  
  60  4:58  Probe  
  61  5:03  Probe  
  62  5:08  Immortal, Nexus  
  62  5:11  Pylon  
  62  5:12  Sentry  
  68  5:22  Pylon  
  68  5:27  Probe  
  69  5:29  Colossus, Probe  
  70  5:36  Extended Thermal Lance  
  68  5:43  Probe x2  
  76  5:55  Probe  
  76  5:56  Phoenix  
  79  5:58  Pylon  
  79  6:08  Twilight Council  
  79  6:10  Gateway  
  79  6:11  Gateway  
  79  6:13  Colossus, Gateway  
  79  6:17  Probe x2  
  81  6:21  Pylon  
  89  6:34  Phoenix  
  91  6:41  Shield Battery  
  91  6:42  Shield Battery  
  91  6:45  Shield Battery  
  91  6:46  Stalker, Shield Battery  
  91  6:49  Zealot  
  91  6:51  Zealot  
  101  7:09  Zealot x4  
  66  7:25  Stalker  
  64  7:33  Pylon  
  64  7:35  Adept x6  
  52  7:56  Adept x5  
Show
View Real Time Build Order
Export as new Build Order

TIME Terran - Winner!

Build Orders: Reaper Expand 

Get SALT Encoding   

  12  0:00  SCV  
  13  0:12  SCV  
  14  0:17  Supply Depot  
  14  0:24  SCV  
  15  0:38  SCV  
  15  0:41  Barracks  
  16  0:45  Refinery  
  16  0:50  SCV  
  17  1:02  SCV  
  18  1:15  SCV  
  19  1:29  Reaper, Orbital Command  
  20  1:45  Command Center  
  20  1:51  Supply Depot  
  20  1:54  SCV  
  20  2:00  Marine  
  22  2:06  SCV  
  23  2:10  Factory  
  23  2:13  Refinery  
  23  2:19  SCV  
  23  2:21  Barracks Reactor  
  24  2:28  Barracks  
  24  2:32  SCV  
  25  2:44  SCV  
  26  2:56  SCV  
  26  3:00  Marine x2, Orbital Command, Factory Tech Lab  
  28  3:07  Orbital Command  
  28  3:08  SCV  
  29  3:16  Barracks Tech Lab  
  29  3:18  Cyclone  
  29  3:19  Marine x2  
  34  3:21  SCV  
  35  3:30  Supply Depot  
  35  3:32  SCV  
  36  3:34  Marine  
  36  3:36  Stimpack  
  36  3:37  SCV  
  38  3:42  Marine  
  38  3:43  Marine  
  38  3:46  SCV  
  40  3:53  Cyclone  
  44  3:57  SCV  
  44  3:58  SCV  
  46  4:04  Supply Depot  
  46  4:05  Marine  
  46  4:07  Marine  
  47  4:11  SCV  
  47  4:12  Starport  
  47  4:13  SCV  
  47  4:17  Marine  
  49  4:23  SCV, Marine  
  52  4:27  Supply Depot  
  52  4:28  Siege Tank  
  52  4:30  SCV  
  56  4:32  Marine  
  56  4:34  Marine  
  56  4:36  SCV  
  59  4:42  SCV, Marine  
  61  4:48  SCV, Starport Reactor  
  61  4:49  Supply Depot, Barracks  
  62  4:53  Engineering Bay  
  62  4:59  Marine  
  64  5:00  SCV  
  64  5:03  Siege Tank  
  64  5:04  Refinery  
  64  5:05  Marine  
  64  5:06  Refinery  
  64  5:07  Marine  
  68  5:08  SCV  
  68  5:12  SCV  
  68  5:14  Supply Depot  
  71  5:18  Terran Infantry Weapons Level 1  
  71  5:20  SCV  
  72  5:21  Marine  
  72  5:24  SCV  
  74  5:29  Marine, Supply Depot  
  74  5:30  Starport Reactor  
  74  5:32  Marine  
  74  5:33  SCV  
  75  5:36  SCV  
  72  5:43  Siege Tank  
  72  5:45  SCV  
  72  5:48  Supply Depot  
  72  5:49  Marine x3  
  78  5:50  Marine  
  78  5:52  Combat Shield  
  78  5:54  SCV  
  80  6:00  SCV  
  82  6:06  Marine x2  
  82  6:07  Marine, Supply Depot  
  82  6:08  Medivac x2  
  82  6:09  SCV  
  89  6:13  Supply Depot  
  89  6:14  Marine x2  
  91  6:20  Siege Tank  
  91  6:24  Marine x3  
  96  6:32  Marine x2  
  96  6:40  Medivac, Supply Depot  
  96  6:42  Medivac, Marine x3  
  103  6:49  Marine  
  103  6:50  Marine  
  105  6:57  Siege Tank  
  105  7:00  Marine x2  
  110  7:04  Marine  
  110  7:05  Supply Depot  
  106  7:15  Marine  
  89  7:16  Marine  
  89  7:18  Marine x2  
  89  7:22  Marine  
  81  7:27  Medivac x2  
  75  7:32  Marine  
  75  7:34  Marine  
  77  7:38  Marine  
  77  7:43  Marine  
  70  7:47  Marine  
  70  7:50  Marine  
  69  7:54  Marine  
  69  7:56  Marine  
  73  8:01  Marine  
Tags
 
Add a new tag
Caveats
  • Supply blocks, unpowered buildings, or Contaminate may cause inaccurate times.
  • Supply counts are checked every 10 seconds.